 Dungeon Sprint DCSS version 0.22-a0-467-g5c5de1c (webtiles) character file.

33 emperorscorpion the Magician (level 3, 0/19 HPs)
             Began as a Deep Elf Air Elementalist on June 10, 2018.
             Was an Initiate of Sif Muna.
             Slain by an ice beast (10 damage)
             ... in the Dungeon (Sprint IX: "|||||||||||||||||||||||||||||").
             The game lasted 00:01:36 (155 turns).

emperorscorpion the Magician (DEAE)                  Turns: 155, Time: 00:01:37

Health: 0/19       AC:  4    Str:  8    XL:     3   Next: 12%
Magic:  5/12       EV: 14    Int: 20    God:    Sif Muna [......]
Gold:   0          SH:  0    Dex: 18    Spells: 10/13 levels left

rFire    . . .     SeeInvis .   b - +4 quarterstaff (crush)
rCold    . . .     Gourm    .   (shield currently unavailable)
rNeg     . . .     Faith    .   o - +0 robe
rPois    .         Spirit   .   r - +0 helmet
rElec    .         Reflect  .   (no cloak)
rCorr    .         Harm     .   (no gloves)
MR       .....     NoTele   +   q - +0 pair of boots
Stlth    ++........             (no amulet)
HPRegen  0.06/turn              s - +3 ring of strength
MPRegen  0.13/turn              t - +3 ring of dexterity

@: swift (expiring), very quick
A: no striking features
a: Renounce Religion


You were in the Dungeon.
You worshipped Sif Muna.
Sif Muna was noncommittal.
You were not hungry.

You visited 1 branch

Inventory:

Hand Weapons
 b - a +4 quarterstaff of crushing (weapon)
 j - a +0 dagger
Armour
 o - a +0 robe (worn)
 q - a +0 pair of boots (worn)
 r - a +0 helmet (worn)
Magical Staves
 a - an uncursed staff of energy
Jewellery
 s - a +3 ring of strength (left hand)
 t - a +3 ring of dexterity (right hand)
Wands
 n - a wand of acid (10)
Scrolls
 i - 2 scrolls of blinking
 l - 3 scrolls of remove curse
 m - 2 scrolls of amnesia
Potions
 d - 5 potions of curing
 e - 2 potions of heal wounds
 f - a potion of haste
 g - 4 potions of magic
 h - a potion of berserk rage
 k - a potion of invisibility
Comestibles
 c - a ration
 p - 2 chunks of flesh


   Skills:
 + Level 3.5 Dodging
 - Level 2.4 Stealth
 * Level 5.9 Spellcasting
 + Level 1.2 Conjurations
 + Level 5.2 Air Magic


You had 10 spell levels left.
You knew the following spells:

 Your Spells              Type           Power        Failure   Level  Hunger
a - Shock                 Conj/Air       ###.         2%          1    None
b - Swiftness             Chrm/Air       ###.....     5%          2    None

Your spell library contained the following spells:

 Spells                   Type           Power        Failure   Level  Hunger
 Lightning Bolt           Conj/Air       ###.......   61%         5    #####..
 Airstrike                Air            ####......   12%         4    ####...
 Static Discharge         Conj/Air       ###.....     9%          3    ##.....


Dungeon Overview and Level Annotations

Branches:
Dungeon (1/1)

Altars:
Cheibriados
Dithmenos
Elyvilon
Fedhas
Gozag
Hepliaklqana
Kikubaaqudgha
Makhleb
Nemelex Xobeh
Okawaru
Qazlal
Ru
Sif Muna
Trog
Uskayaw
Vehumet
Wu Jian
Xom
Yredelemnul
Zin
The Shining One
Beogh
Jiyva
Lugonu


Message History

The zap hits the ice beast.
The ice beast is moderately wounded.
Casting: Shock (safe; 2% risk of failure)
Confirm with . or Enter, or press ? or * to list all spells.
Aiming: Shock (safe; 2% risk of failure)
Press: ? - help, Shift-Dir - straight line, f/p - ice beast
Aim: an ice beast (severely wounded)
The zap hits the ice beast.
The ice beast appears unharmed.
The ice beast is severely wounded.
The zap hits the yak.
The yak is severely wounded.
The zap hits the hippogriff.
The hippogriff is moderately wounded.
The zap hits the ice beast.
The ice beast is heavily wounded.
The zap hits the orc wizard.
The orc wizard is severely wounded.
The ice beast hits you. The ice beast freezes you!
Ouch! That really hurt!
You die...

▓_▓
▓_▓
▓_▓
▓_▓
▓_▓
▓_▓
▓_▓
▓_▓
▓@▓
▓Y▓
▓Y▓
▓H▓
▓.▓
▓Y▓
▓o▓
▓.▓
▓[▓


You could see a hippogriff, a yak, 2 ice beasts and an orc wizard.

Vanquished Creatures
  A worker ant (D)
  A bat skeleton (D)
  A giant cockroach (D)
  A hobgoblin (D)
  A jackal (D)
  A ball python (D)
  A bat (D)
  A frilled lizard (D)
  A giant cockroach zombie (D)
  A goblin (D)
  A rat (D)
11 creatures vanquished.

Notes
Turn   | Place    | Note
-------+----------+-------------------------------------------
     0 | D        | emperorscorpion the Deep Elf Air Elementalist began the quest for the Orb.
     0 | D        | Reached XP level 1. HP: 10/10 MP: 6/6
    61 | D        | Noticed a worker ant
    65 | D        | Reached XP level 2. HP: 14/15 MP: 4/9
    66 | D        | Reached skill level 5 in Spellcasting
    66 | D        | Reached skill level 5 in Air Magic
    66 | D        | Reached XP level 3. HP: 16/19 MP: 3/12
    73 | D        | Found a roughly hewn altar of Beogh.
    73 | D        | Found a snail-covered altar of Cheibriados.
    73 | D        | Found a shadowy altar of Dithmenos.
    73 | D        | Found a white marble altar of Elyvilon.
    73 | D        | Found a blossoming altar of Fedhas.
    73 | D        | Found an opulent altar of Gozag.
    74 | D        | Found a hazy altar of Hepliaklqana.
    75 | D        | Found a viscous altar of Jiyva.
    76 | D        | Found an ancient bone altar of Kikubaaqudgha.
    77 | D        | Found a corrupted altar of Lugonu.
    78 | D        | Found a burning altar of Makhleb.
    79 | D        | Found a sparkling altar of Nemelex Xobeh.
    80 | D        | Found an iron altar of Okawaru.
    81 | D        | Found a stormy altar of Qazlal.
    82 | D        | Found a sacrificial altar of Ru.
    83 | D        | Found a deep blue altar of Sif Muna.
    84 | D        | Found a bloodstained altar of Trog.
    85 | D        | Found a hide-covered altar of Uskayaw.
    86 | D        | Found a radiant altar of Vehumet.
    87 | D        | Found an ornate altar of the Wu Jian Council.
    88 | D        | Found a shimmering altar of Xom.
    89 | D        | Found a basalt altar of Yredelemnul.
    90 | D        | Found a glowing silver altar of Zin.
    91 | D        | Became a worshipper of Sif Muna the Loreminder
    95 | D        | Learned a level 2 spell: Swiftness
    95 | D        | Found a glowing golden altar of the Shining One.
   136 | D        | Noticed an ice beast
   136 | D        | Noticed a yak
   136 | D        | Noticed a hippogriff
   136 | D        | Noticed an ice beast
   155 | D        | Slain by an ice beast

Vault maps used:
D:        linesprint

Skill      XL: |  1  2 |
---------------+-------+-----
Spellcasting   | 4 5 |  5.9
Air Magic      | 4 5 |  5.2
Dodging        | 3 |  3.5
Stealth        | |  2.4
Conjurations   | |  1.2

Action                   || total
-------------------------++-------
 Cast: Shock             ||    16
       Swiftness         ||     1
  Use: Potion            ||     1
Armor: Robe              ||     1
Dodge: Dodged            ||     8

Table legend:
 A = Spawn XP
 B = Non-spawn XP
 C = Spawn XP percentage of total XP
 D = Spawn monster count
 E = Non-spawn monster count
 F = Spawn count percentage of total count
 G = Total turns spent on level
                    A         B        C        D         E        F      G
               +---------+---------+-------+---------+---------+-------+---------
         Total |       0 |      48 |   0.0 |       0 |      11 |   0.0 |   155
               +---------+---------+-------+---------+---------+-------+---------
             D |       0 |      48 |   0.0 |       0 |      11 |   0.0 |   155
               +---------+---------+-------+---------+---------+-------+---------
